 Dungeon Crawl Stone Soup version 0.22.1-1-ga44c0e5 (webtiles) character file.

119 empire the Slasher (level 4, -7/40 HPs)
             Began as a Minotaur Fighter on Nov 9, 2018.
             Killed from afar by Ijyb (17 damage)
             ... with a wand of acid (5)
             ... on level 3 of the Dungeon.
             The game lasted 00:04:55 (1921 turns).

empire the Slasher (Minotaur Fighter)               Turns: 1921, Time: 00:04:56

Health: -7/40      AC:  2    Str: 20    XL:     4   Next: 74%
Magic:  3/3        EV:  6    Int:  5    God:
Gold:   126        SH: 10    Dex: 11    Spells: 3/3 levels left

rFire    + . .     SeeInvis .   a - +0 long sword
rCold    . . .     Gourm    .   c - +1 shield
rNeg     . . .     Faith    .   q - +0 chain mail
rPois    .         Spirit   .   r - +1 hat
rElec    .         Reflect  .   (no cloak)
rCorr    .         Harm     .   (no gloves)
MR       +....                  (no boots)
Stlth    ..........             (no amulet)
HPRegen  0.13/turn              e - ring of protection from fire
MPRegen  0.08/turn              k - ring of protection from magic

@: lethally poisoned (-7 -> -20), corroded
A: retaliatory headbutt, horns 2
a: no special abilities


You were on level 3 of the Dungeon.
You were hungry.

You visited 1 branch of the dungeon, and saw 3 of its levels.

You collected 126 gold pieces.

Inventory:

Hand Weapons
 a - a +0 long sword (weapon)
Armour
 c - a +1 shield (worn)
 q - a +0 chain mail (worn)
 r - a +1 hat (worn)
Jewellery
 b - an uncursed ring of resist corrosion
 e - a ring of protection from fire (left hand)
 h - an uncursed ring of flight
 k - a ring of protection from magic (right hand)
 p - an uncursed ring of wizardry
 t - an uncursed amulet of faith
Scrolls
 d - a scroll of identify
 i - a scroll of enchant armour
 n - a scroll of fog
 s - a scroll of teleportation {unknown}
Potions
 g - 2 potions of flight {unknown}
 l - a potion of mutation
 o - a potion of ambrosia {unknown}
Comestibles
 f - 6 rations
 j - 3 chunks of flesh


   Skills:
 - Level 4.0 Fighting
 * Level 4.5 Long Blades
 - Level 4.0 Armour
 + Level 2.2 Dodging
 - Level 4.0 Shields


You had 3 spell levels left.
You didn't know any spells.
Your spell library was empty.

Dungeon Overview and Level Annotations

Branches:
Dungeon (3/15)

Altars:
Fedhas
Gozag
Okawaru
Zin

Annotations:
D:3 Ijyb


Innate Abilities, Weirdness & Mutations

You reflexively headbutt those who attack you in melee.
You have a pair of horns on your head.


Message History

Ijyb hits you but does no damage. The goblin hits you with a club.
You block the goblin's attack.
The goblin hits you but does no damage. x2
You hit Ijyb but do no damage. You headbutt Ijyb.
Ijyb is moderately wounded.
You are feeling hungry.
You feel sick. You block the goblin's attack.
Ijyb zaps a wand.
The bolt of acid hits you! The acid corrodes you!
You are splashed with acid!
The acid burns!
You block the goblin's attack. The goblin closely misses you.
The goblin hits you with a dagger of venom.
* * * LOW HITPOINT WARNING * * *
You are lethally poisoned!
You block the goblin's attack. The goblin closely misses you.
Ijyb hits you but does no damage.
You hit Ijyb. Your headbutt misses Ijyb.
Ijyb is heavily wounded.
* * * LOW HITPOINT WARNING * * *
You feel sick. You block the goblin's attack. x2
The goblin hits you but does no damage. The goblin completely misses you.
The goblin closely misses you.
Ijyb zaps a wand.
The bolt of acid hits you!
You die...

#.#.# ######.#.#
#........# #.######)#
##########.# #.#
#..........######)##
#.......##.........# #
#...g...#########..###
#8..g@g8# #.....
#...ggg.# #..###
#8.....8#########..###
#....%..#.............
#8.....8#.############
#.......#.#
#8.....8#.####
#..(.?..#....# ####.#


You could see Ijyb and 5 goblins.

Vanquished Creatures
  An orc wizard (D:3)
  2 adders (D:2)
  An ooze (D:1)
  A dart slug (D:2)
  4 orcs (D:3)
  2 giant cockroaches (D:1)
  7 goblins
  11 hobgoblins
  3 jackals (D:1)
  A quokka (D:2)
  10 bats
  3 frilled lizards
  8 kobolds
  8 rats
62 creatures vanquished.

Notes
Turn   | Place    | Note
-------+----------+-------------------------------------------
     0 | D:1      | empire the Minotaur Fighter began the quest for the Orb.
     0 | D:1      | Reached XP level 1. HP: 19/19 MP: 0/0
   162 | D:1      | Reached XP level 2. HP: 17/27 MP: 1/1
   439 | D:1      | Reached skill level 1 in Dodging
   665 | D:1      | Reached XP level 3. HP: 33/33 MP: 2/2
   908 | D:2      | Found an opulent altar of Gozag.
  1184 | D:2      | Found an iron altar of Okawaru.
  1332 | D:2      | Reached XP level 4. HP: 40/40 MP: 3/3
  1492 | D:3      | Found a blossoming altar of Fedhas.
  1621 | D:3      | Found a faded altar of an unknown god.
  1698 | D:3      | Found a glowing silver altar of Zin.
  1911 | D:3      | Noticed Ijyb
  1921 | D:3      | Killed from afar by Ijyb

Skill      XL: |  1  2  3  4 |
---------------+-------------+-----
Long Blades    | 3 4 |  4.5
Dodging        | 1 2 |  2.2
Shields        | 4 |  4.0
Armour         | 4 |  4.0
Fighting       | 4 |  4.0

Action                   |  1- 3 |  4- 6 || total
-------------------------+-------+-------++-------
Melee: Long sword        |   103 |    60 ||   163
       Headbutt          |    14 |    10 ||    24
  Use: Scroll            |     9 |       ||     9
       Potion            |       |     3 ||     3
  Eat: Chunk             |     1 |     2 ||     3
Armor: Scale mail        |    18 |       ||    18
       Chain mail        |    32 |    31 ||    63
Dodge: Dodged            |    30 |    16 ||    46
Block: Shield            |    64 |    46 ||   110
       Rpst.: Long sword |     5 |     3 ||     8
